 Dungeon Crawl Stone Soup version 0.18.1-51-gd549091e01 (webtiles) character file.

25827 magog001 the Peltast (level 12, -8/110 HPs)
             Began as a Minotaur Fighter on Apr 14, 2022.
             Was a Priest of Nemelex Xobeh.
             Mangled by an orange demon (9 damage)
             ... summoned by an orc high priest
             ... on level 2 of the Orcish Mines on Apr 21, 2022.
             The game lasted 01:42:01 (16774 turns).

magog001 the Peltast (Minotaur Fighter)            Turns: 16774, Time: 01:42:02

Health: -8/110     AC: 27    Str: 27    XL:     12   Next: 92%
Magic:  12/12      EV:  6    Int:  8    God:    Nemelex Xobeh [***...]
Gold:   403        SH: 26    Dex: 17    Spells: 0 memorised, 11 levels left

rFire  . . .     SeeInvis .     E - +6 whip of Eternal Night {flame, rC+ Int+3}
rCold  + + +     Gourm    .     h - +1 plate armour
rNeg   . . .     Faith    .     P - +0 large shield {rC+}
rPois  .         Spirit   .     (helmet restricted)
rElec  .         Dismiss  .     I - +2 cloak {rC+}
rCorr  .         Reflect  +     w - +0 pair of gloves
SustAt .         Harm     .     (no boots)
MR     ++...     Rnd*Rage +     W - +5 amulet of reflection
Stlth  ..........               T - ring of Evypsuk {MR++ AC+3 Dex+2}
                                B - ring of stealth

@: exhausted, about to teleport, slowed, drained, very slow, very resistant to
hostile enchantments, extremely unstealthy
A: retaliatory headbutt, horns 2, molten scales 1, slimy green scales 1, thin
skeletal structure 1, agile 1, berserk 1, sense surroundings 1, regeneration 1,
strong 1, evolution 1
a: Triple Draw, Renounce Religion


You were on level 2 of the Orcish Mines.
You worshipped Nemelex Xobeh.
Nemelex Xobeh was most pleased with you.
You were not hungry.

You visited 3 branches of the dungeon, and saw 14 of its levels.
You also visited: Sewer and Ice Cave.

You collected 1396 gold pieces.
You spent 993 gold pieces at shops.

Inventory:

Hand Weapons
 e - a +2 hunting sling
 o - a +1 war axe of flaming
 x - a +2 longbow of flaming
 E - the +6 whip of Eternal Night (weapon) {flame, rC+ Int+3}
   (You found it on level 4 of the Dungeon)

   It has been specially enchanted to burn those struck by it, causing extra
   injury to most foes and up to half again as much damage against particularly
   susceptible opponents.
   It affects your intelligence (+3).
   It protects you from cold.
 S - a +2 whip of flaming
Missiles
 n - 5 silver tomahawks
 v - 217 stones
 y - 33 sling bullets
 K - 18 tomahawks (quivered)
 U - 3 steel tomahawks
 V - 8 tomahawks of returning
Armour
 h - a +1 plate armour (worn)
 w - a +0 pair of gloves (worn)
 I - a +2 cloak of cold resistance (worn)
 P - a +0 large shield of cold resistance (worn)
Jewellery
 B - a ring of stealth (left hand)
 Q - an uncursed amulet of the gourmand
 T - the ring of Evypsuk (right hand) {MR++ AC+3 Dex+2}
   (You found it on level 11 of the Dungeon)

   [ring of protection]

   It affects your AC (+3).
   It affects your dexterity (+2).
   It affects your resistance to hostile enchantments.
 W - a +5 amulet of reflection (around neck)
Wands
 A - a wand of acid (0/15)
 L - a wand of slowing (26/48)
 N - a wand of lightning (0/15)
 O - a wand of digging (0/24)
Scrolls
 g - a scroll of remove curse
 k - 2 scrolls of magic mapping
 r - a scroll of blinking
 t - a scroll of teleportation
 C - 3 scrolls of amnesia
 M - a scroll of fear
Potions
 c - a potion of resistance
 p - a potion of ambrosia
 s - 2 potions of magic
 u - 5 potions of might
 z - 3 potions of flight
 D - a potion of curing
 F - a potion of brilliance
 J - a potion of berserk rage
 R - a potion of cancellation
Miscellaneous
 d - a plain deck of destruction
 j - a fan of gales
 G - a plain deck of destruction
 H - a plain deck of escape
 X - an ornate deck of escape {drawn: 2}
Comestibles
 a - 9 beef jerkies
 b - 6 fruits
 f - a slice of pizza
 i - 23 chunks of flesh
 l - 2 meat rations
 m - 3 bread rations


   Skills:
 * Level 11.0(10.5) Fighting
 - Level 5.4(8.6) Axes
 * Level 11.1(11.0) Maces & Flails
 + Level 1.9(1.5) Slings
 * Level 13.1(12.5) Armour
 + Level 0.5(0.1) Stealth
 * Level 15.4(14.8) Shields
 + Level 1.7(1.3) Evocations


You had 11 spell levels left.
You didn't know any spells.

Dungeon Overview and Level Annotations

Branches:
Dungeon (11/15)            Temple (1/1) D:7            Lair (0/8) D:10
    Orc (2/2) D:11            Elf (0/3) Orc:2

Altars:
Ashenzari
Cheibriados
Dithmenos
Elyvilon
Fedhas
Gozag
Kikubaaqudgha
Makhleb
Nemelex Xobeh
Okawaru
Pakellas
Qazlal
Ru
Sif Muna
Trog
Vehumet
Xom
Yredelemnul
Zin
The Shining One

Shops:
D:4 [   D:10 (*   Orc:1 =*[

Portals:
Trove: D:10 (give 2 potions of cure mutation)


Innate Abilities, Weirdness & Mutations

You reflexively headbutt those who attack you in melee.
You have a pair of horns on your head.
You are partially covered in molten scales (AC +1).
You are partially covered in slimy green scales (AC +2).
You have a somewhat thin skeletal structure (Dex +2, Stealth).
You are agile. (Dex +2)
You tend to lose your temper in combat.
You passively map a small area around you.
Your natural rate of healing is unusually fast.
Your muscles are strong. (Str +2)
You evolve.


Message History

The ynoxinul gestures.
Something hits you but does no damage.
The orange demon stings you but does no damage.
The orange demon hits you but does no damage.
The orange demon stings you but does no damage.
The chaos spawn hits you.
* * * LOW HITPOINT WARNING * * *
The orc sorcerer hits you with a dagger.
* * * LOW HITPOINT WARNING * * *
The orc high priest mumbles some strange prayers to Beogh against you.
Beogh smites you!
* * * LOW HITPOINT WARNING * * *
The ynoxinul gestures.
The smoke demon gestures at you. Something smites you!
* * * LOW HITPOINT WARNING * * *
You block the orange demon's attack.
The orange demon hits you but does no damage.
The orange demon stings you from afar!
You die...
Your body glows slightly and disappears.

### #.).....####.##
## #####))....# ###
##.##.###)[##..##
#......#........#
#.......).....##
##........)4o.##
##......#..4o..# **
#........T35o.##
#####........o@43.# ,
##...#........)343.#
,
#..............o55##
##..............5.# *
, #.....#........o.#
÷.....#
#..........#....o#*
o4....#
##..............o.#
.o.o..#
#.................##
o.3÷.÷#
#.............#....#*
o3.oo#


You could see 2 orc knights, 2 orc high priests, 2 orange demons, an ice devil,
a rust devil, a troll, 2 smoke demons, a ynoxinul, a chaos spawn, 2 orc
sorcerers, an orc warrior, an orc priest and 4 ufetubi.

Vanquished Creatures
  A frost giant (IceCv)
  Maud (Orc:2)
  Nessos (Orc:2)
  A hydra (D:11)
  3 hill giants
  An orc knight (Orc:2)
  Pikel (D:4)
  An orc sorcerer (Orc:1)
  An ice statue (IceCv)
  2 cyclopes (D:11)
  A gargoyle (D:10)
  5 trolls
  15 polar bears (IceCv)
  2 two-headed ogres
  A wraith (D:11)
  15 yaks
  2 wyverns
  Eustachio (D:5)
  A vampire mosquito (D:10)
  3 hippogriffs
  A steam dragon (D:10)
  4 wargs
  3 ice beasts
  2 black bears (D:10)
  19 orc warriors
  4 sky beasts
  A slave (D:4)
  A wasp (D:10)
  6 centaurs
  5 phantoms
  10 ogres
  8 wolves (IceCv)
  2 necrophages
  A crocodile (D:8)
  2 big kobolds
  4 giant frogs
  2 gnoll sergeants
  4 scorpions
  A wyvern skeleton (D:6)
  A water moccasin skeleton (D:7)
  9 killer bees
  8 howler monkeys
  2 wights (D:5)
  4 jellies
  2 crimson imps (D:11)
  A giant frog zombie (D:10)
  24 orc priests
  4 hounds
  A centaur zombie (D:10)
  A giant frog skeleton (D:7)
  2 centaur skeletons
  A gnoll shaman (D:4)
  29 orc wizards
  4 iguanas
  8 worker ants
  A killer bee zombie (D:9)
  4 sheep
  A hound zombie (D:9)
  A worker ant zombie (D:11)
  6 gnolls
  A howler monkey skeleton (D:4)
  17 adders
  A river rat (Sewer)
  2 shadow imps
  12 white imps (D:11)
  An ooze (D:1)
  An adder zombie (D:5)
  7 worms
  A dart slug (D:2)
  10 giant geckos
  77 orcs
  3 giant cockroaches
  6 goblins
  5 hobgoblins
  6 jackals
  18 kobolds
  4 quokkas
  7 ball pythons
  6 bats
  A giant gecko skeleton (D:8)
  A giant gecko zombie (D:6)
  7 giant newts
  A quokka zombie (D:8)
  15 rats
463 creatures vanquished.

Vanquished Creatures (collateral kills)
  An orc wizard (Orc:2)
1 creature vanquished.

Vanquished Creatures (others)
  An orc warrior (D:6)
  A phantom (D:4)
  An ogre (D:6)
  A scorpion (D:6)
  An orc wizard (D:6)
  3 gnolls (D:4)
  2 adders
  2 giant geckos
  A giant cockroach (D:6)
  A plant (D:10)
14 creatures vanquished.

Grand Total: 478 creatures vanquished

Notes
Turn   | Place    | Note
--------------------------------------------------------------
     0 | D:1      | magog001 the Minotaur Fighter began the quest for the Orb.
     0 | D:1      | Reached XP level 1. HP: 19/19 MP: 0/0
   150 | D:1      | Reached XP level 2. HP: 23/27 MP: 1/1
  1239 | D:1      | Reached XP level 3. HP: 33/33 MP: 2/2
  2009 | D:2      | Reached skill level 4 in Shields
  2257 | D:2      | Found a faded altar to an unknown god.
  2608 | D:2      | Reached XP level 4. HP: 39/41 MP: 3/3
  2869 | D:3      | Found a basalt altar of Yredelemnul.
  2904 | D:3      | Reached skill level 5 in Armour
  2920 | D:3      | Reached XP level 5. HP: 24/47 MP: 4/4
  2931 | D:3      | Found a glowing drain.
  2951 | Sewer    | Entered a sewer
  3434 | Sewer    | Reached skill level 5 in Shields
  3434 | Sewer    | Reached XP level 6. HP: 55/55 MP: 5/5
  3506 | Sewer    | Gained mutation: You tend to lose your temper in combat. [potion of mutation]
  3506 | Sewer    | Gained mutation: You are agile. (Dex +2) [potion of mutation]
  3506 | Sewer    | Gained mutation: Your muscles are strong. (Str +2) [potion of mutation]
  3708 | D:3      | Reached skill level 5 in Fighting
  4385 | D:4      | Noticed a slave
  4386 | D:4      | Noticed a slave
  4386 | D:4      | Noticed a slave
  4387 | D:4      | Noticed Pikel
  4388 | D:4      | Noticed a slave
  4423 | D:4      | Killed a slave
  4426 | D:4      | Killed Pikel
  4426 | D:4      | Reached skill level 5 in Axes
  4426 | D:4      | Reached skill level 6 in Shields
  4426 | D:4      | Reached XP level 7. HP: 38/61 MP: 6/6
  4733 | D:4      | Got a crystal whip
  4736 | D:4      | Identified the +6 whip of Eternal Night {flame, rC+ Int+3} (You found it on level 4 of the Dungeon)
  4886 | D:4      | Found Deurphoda's Antique Armour Shoppe.
  4896 | D:4      | Reached skill level 7 in Shields
  5054 | D:4      | Reached XP level 8. HP: 70/70 MP: 7/7
  5272 | D:4      | Found a white marble altar of Elyvilon.
  5306 | D:4      | Bought a shiny ring mail for 88 gold pieces
  5378 | D:5      | Entered Level 5 of the Dungeon
  5606 | D:5      | Noticed Eustachio
  5619 | D:5      | Reached skill level 1 in Maces & Flails
  5636 | D:5      | Killed Eustachio
  5724 | D:5      | Reached skill level 8 in Shields
  6385 | D:6      | Reached XP level 9. HP: 60/78 MP: 8/8
  6587 | D:6      | Gained mutation: You have a somewhat thin skeletal structure (Dex +2, Stealth). [mutagenic meat]
  6664 | D:6      | Reached skill level 9 in Shields
  6872 | D:6      | Found a shimmering altar of Xom.
  7753 | D:7      | Found a staircase to the Ecumenical Temple.
  7759 | Temple   | Entered the Ecumenical Temple
  7811 | Temple   | Became a worshipper of Nemelex Xobeh the Trickster
  7942 | D:7      | Received a gift from Nemelex Xobeh
  8003 | D:7      | Reached skill level 5 in Maces & Flails
  8003 | D:7      | Reached skill level 10 in Armour
  8229 | D:7      | Reached skill level 1 in Slings
  8688 | D:8      | Reached skill level 10 in Shields
  8914 | D:8      | Reached * piety under Nemelex Xobeh
  8979 | D:8      | Reached XP level 10. HP: 80/88 MP: 9/9
  9230 | D:8      | Received a gift from Nemelex Xobeh
  9513 | D:8      | Lost mutation: You are agile. (Dex +2) [mutagenic meat]
  9515 | D:8      | Gained mutation: You passively map a small area around you. [mutagenic meat]
  9516 | D:8      | Gained mutation: You are partially covered in slimy green scales (AC +2). [mutagenic meat]
  9517 | D:8      | Gained mutation: You evolve. [mutagenic meat]
  9890 | D:9      | Reached ** piety under Nemelex Xobeh
  9895 | D:9      | Received a gift from Nemelex Xobeh
 10154 | D:9      | Received a gift from Nemelex Xobeh
 10596 | D:10     | Entered Level 10 of the Dungeon
 10596 | D:10     | Noticed a gargoyle
 10713 | D:10     | Killed a gargoyle
 10728 | D:10     | Noticed a hill giant
 10731 | D:10     | Reached skill level 11 in Shields
 10754 | D:10     | Killed a hill giant
 10795 | D:10     | Found Humech's Antique Weapon Boutique.
 10943 | D:10     | Found Haabb's Assorted Antiques.
 10993 | D:10     | Bought a scroll of identify for 42 gold pieces
 11176 | D:10     | Reached XP level 11. HP: 68/97 MP: 10/10
 11370 | D:10     | Gained mutation: You are partially covered in molten scales (AC +1). [evolution]
 11662 | D:10     | Noticed a hill giant
 11664 | D:10     | Found a staircase to the Lair.
 11668 | D:10     | Killed a hill giant
 11668 | D:10     | Reached skill level 1 in Evocations
 11866 | D:10     | Found a portal to a secret trove of treasure.
 11980 | D:10     | Bought a marble ring for 105 gold pieces
 11980 | D:10     | Bought a runed gold wand for 84 gold pieces
 11980 | D:10     | Bought a brass wand for 84 gold pieces
 11980 | D:10     | Bought a twisted diamond amulet for 105 gold pieces
 12004 | D:11     | Reached skill level 12 in Shields
 12032 | D:11     | Noticed a five-headed hydra
 12042 | D:11     | Killed a five-headed hydra
 12066 | D:11     | Noticed a hill giant
 12089 | D:11     | Killed a hill giant
 12178 | D:11     | Found a frozen archway.
 12217 | IceCv    | Entered an ice cave
 12298 | IceCv    | Reached skill level 10 in Fighting
 12302 | IceCv    | Reached skill level 13 in Shields
 13092 | IceCv    | Noticed a frost giant
 13126 | IceCv    | Killed a frost giant
 13126 | IceCv    | Reached XP level 12. HP: 75/106 MP: 12/12
 13603 | IceCv    | Reached skill level 10 in Maces & Flails
 13711 | IceCv    | Reached skill level 14 in Shields
 13780 | IceCv    | Received a gift from Nemelex Xobeh
 14121 | D:11     | Gained mutation: You are agile. (Dex +2) [evolution]
 14149 | D:11     | Got a clouded iron ring
 14151 | D:11     | Identified the ring of Evypsuk {MR++ AC+3 Dex+2} (You found it on level 11 of the Dungeon)
 14161 | D:11     | Gained mutation: Your natural rate of healing is unusually fast. [potion of beneficial mutation]
 14664 | D:11     | Found a staircase to the Orcish Mines.
 14674 | Orc:1    | Entered Level 1 of the Orcish Mines
 14765 | Orc:1    | Found Impasemoq's Antique Armour Shop.
 14839 | Orc:1    | Bought a pair of gloves for 135 gold pieces
 14950 | Orc:1    | Found Zuw Coz's General Store.
 15087 | Orc:1    | Reached *** piety under Nemelex Xobeh
 15255 | Orc:2    | Entered Level 2 of the Orcish Mines
 15272 | Orc:2    | Found a staircase to the Elven Halls.
 15295 | Orc:1    | Received a gift from Nemelex Xobeh
 15599 | Orc:2    | Noticed Nessos
 15620 | Orc:2    | Killed Nessos
 15836 | Orc:2    | Noticed Maud
 15859 | Orc:2    | Killed Maud
 15859 | Orc:2    | Reached skill level 15 in Shields
 16217 | Orc:1    | Found Domnyd's Jewellery Shoppe.
 16272 | Orc:1    | Found a bloodstained altar of Trog.
 16351 | Orc:1    | Bought a +5 amulet of reflection for 350 gold pieces
 16715 | Orc:2    | Received a gift from Nemelex Xobeh
 16749 | Orc:2    | Noticed an orc high priest
 16749 | Orc:2    | Noticed an orc high priest
 16751 | Orc:2    | Noticed an orc high priest
 16774 | Orc:2    | HP: 1/110 [smoke demon/divine providence[an orc sorcerer] (12)]
 16774 | Orc:2    | Mangled by an orange demon

Skill      XL: |  1  2  3  4  5  6  7  8  9 10 11 12 |
---------------+-------------------------------------+-----
Fighting       | 4 5 6 8 9 10 11 | 11.0
Armour         | 4 5 7 9 10 11 12 13 | 13.1
Shields        | 4 5 6 7 8 10 11 13 15 | 15.4
Axes           | 3 4 5 |  5.4
Maces & Flails | 3 5 7 9 11 | 11.1
Slings         | 1 |  1.9
Evocations     | 1 |  1.7
Stealth        | |  0.5

Action                   |  1- 3 |  4- 6 |  7- 9 | 10-12 || total
-------------------------+-------+-------+-------+-------++-------
Melee: War axe           |   110 |   145 |    30 |       ||   285
       Headbutt          |    14 |    26 |    80 |   266 ||   386
       Whip              |       |       |   266 |   858 ||  1124
 Fire: Hunting sling     |       |       |     5 |    12 ||    17
Evoke: Deck              |       |       |       |    19 ||    19
       Wand              |       |       |       |    17 ||    17
       Fan of gales      |       |       |       |     1 ||     1
  Use: Scroll            |       |     1 |    16 |    11 ||    28
       Potion            |       |     5 |     4 |     8 ||    17
 Stab: Distracted        |       |       |       |     1 ||     1
  Eat: Fruit             |     2 |       |       |       ||     2
       Chunk             |     1 |     3 |     9 |    31 ||    44
       Bread ration      |     1 |       |     1 |       ||     2
       Beef jerky        |       |     1 |       |       ||     1
       Meat ration       |       |       |     1 |     2 ||     3
Armor: Scale mail        |    60 |    50 |    16 |       ||   126
       Chain mail        |       |       |    44 |       ||    44
       Plate armour      |       |       |    46 |   399 ||   445
Dodge: Dodged            |    35 |    46 |    50 |   155 ||   286
Block: Shield            |    59 |   102 |   167 |   423 ||   751
       Large shield      |       |       |       |   266 ||   266
       Reflection        |       |       |       |     1 ||     1
